 Dungeon Crawl Stone Soup version 0.23.1 (webtiles) character file.

Game seed: 11340909364781614042

37 Borgoz the Sneak (level 3, -5/27 (28) HPs)
             Began as a Ghoul Enchanter on Mar 2, 2019.
             Slain by a worm (7 damage)
             ... on level 2 of the Dungeon.
             The game lasted 00:02:15 (1904 turns).

Borgoz the Sneak (Ghoul Enchanter)                  Turns: 1904, Time: 00:02:15

HP:   -5/27 (28)    AC:  5    Str: 11    XL:     3   Next: 39%
MP:   0/4           EV: 10    Int: 10    God:
Gold: 71            SH:  0    Dex: 10    Spells: 2/5 levels left

rFire    . . .     SeeInvis .   a - +1 dagger
rCold    + . .     Gourm    .   (no shield)
rNeg     + + +     Faith    .   i - +0 ring mail
rPois    ∞         Spirit   +   (no helmet)
rElec    .         Reflect  .   j - scarf {Spirit}
rCorr    .         Harm     .   (no gloves)
MR       .....                  (no boots)
Stlth    ++........             g - amulet of guardian spirit
HPRegen  0.00/turn              (no ring)
MPRegen  0.09/turn              (no ring)

@: rotting
A: rotting body, claws 1, carnivore, cold resistance 1, negative energy
resistance 3, inhibited regeneration, torment resistance, unbreathing
a: no special abilities


You were on level 2 of the Dungeon.
You were not hungry.

You visited 1 branch of the dungeon, and saw 2 of its levels.

You collected 71 gold pieces.

Inventory:

Hand Weapons
 a - a +1 dagger (weapon)
Armour
 i - a +0 ring mail (worn)
 j - a scarf of spirit shield (worn)
 l - a +0 leather armour
Jewellery
 g - an amulet of guardian spirit (around neck)
Scrolls
 c - 3 scrolls of remove curse {unknown}
 e - a scroll of random uselessness {unknown}
Potions
 b - a potion of haste {unknown}
 f - a potion of agility {unknown}
 k - 2 potions of degeneration {unknown}
Comestibles
 d - 3 rations
 h - a chunk of flesh


   Skills:
 + Level 1.1 Fighting
 * Level 1.7 Short Blades
 + Level 0.7 Armour
 + Level 2.1 Dodging
 + Level 3.6 Stealth
 - Level 1.7 Spellcasting
 - Level 2.4 Hexes


You had 2 spell levels left.
You knew the following spells:

 Your Spells              Type           Power        Failure   Level  Hunger
a - Corona                Hex            #......      28%         1    ##.....
b - Ensorcelled Hibernat  Hex/Ice        #.....       58%         2    ###....

Your spell library contained the following spells:

 Spells                   Type           Power        Failure   Level  Hunger
 Confuse                  Hex            #.......     65%         3    ####...
 Tukima's Dance           Hex            #.......     65%         3    ####...
 Dazzling Spray           Conj/Hex       #.....       82%         3    ####...


Dungeon Overview and Level Annotations

Branches:
Dungeon (2/15)

Altars:


Innate Abilities, Weirdness & Mutations

Your body is rotting away.
You thrive on raw meat.
You are immune to poison.
You have sharp fingernails.
You are carnivorous and can eat meat at any time.
Your flesh is cold resistant. (rC+)
You are immune to negative energy. (rN+++)
You do not regenerate when monsters are visible.
You are immune to unholy pain and torment.
You can survive without breathing.


Message History

The giant cockroach is moderately wounded.
The giant cockroach misses you. The worm misses you.
You hit the giant cockroach.
The giant cockroach is heavily wounded.
The giant cockroach bites you but does no damage.
You closely miss the giant cockroach.
The giant cockroach is heavily wounded.
The giant cockroach bites you but does no damage.
The worm bites you!
* * * LOW HITPOINT WARNING * * *
The giant cockroach bites you but does no damage.
You hit the giant cockroach.
The giant cockroach is severely wounded.
The giant cockroach bites you.
* * * LOW HITPOINT WARNING * * *
Okay, then.
You hit the giant cockroach but do no damage.
The giant cockroach is severely wounded.
The worm bites you!
You die...

. #.#..#..#.#.###....
g...###.#................
#............#.#.#.#.###
##.#####.......#.#.#.###
#...............#
[#######....÷.......(#.#
.!.....................>
..####s##..##.#.......#
#@##..##.#..#)####
#w###.####........ #.#
### #....#.#. #.#
#.##.#.# #.# #....# # ..#
## ... #.# #.. #.. #.#


You could see a worm and a giant cockroach.

Vanquished Creatures
  2 dart slugs (D:1)
  A leopard gecko (D:1)
  A ball python (D:1)
  2 giant cockroaches (D:1)
  2 goblins
  6 hobgoblins (D:1)
  3 jackals (D:1)
  4 bats (D:1)
  A frilled lizard (D:1)
  4 kobolds
  2 rats
28 creatures vanquished.

Notes
Turn   | Place    | Note
-------+----------+-------------------------------------------
     0 | D:1      | Borgoz the Ghoul Enchanter began the quest for the Orb.
     0 | D:1      | Reached XP level 1. HP: 14/14 MP: 2/2
   286 | D:1      | Reached skill level 1 in Short Blades
   519 | D:1      | Reached XP level 2. HP: 20/20 MP: 3/3
   523 | D:1      | Learned a level 2 spell: Ensorcelled Hibernation
  1020 | D:1      | Reached skill level 1 in Fighting
  1020 | D:1      | Reached XP level 3. HP: 24/28 MP: 4/4
  1904 | D:2      | Slain by a worm

Skill      XL: |  1  2 |
---------------+-------+-----
Short Blades   | 1 |  1.7
Dodging        | 2 |  2.1
Fighting       | 1 |  1.1
Armour         | |  0.7
Stealth        | |  3.6
Spellcasting   | |  1.7
Hexes          | |  2.4

Action                   || total
-------------------------++-------
Melee: Dagger            ||   124
 Cast: Corona            ||     2
 Stab: Sleeping          ||     8
  Eat: Chunk             ||     6
Armor: Robe              ||    17
       Ring mail         ||    13
Dodge: Dodged            ||    58
